 Dungeon Crawl Stone Soup version 0.24-a0-252-g5076262 (webtiles) character file.

Game seed: 3032617563889611695

4332 Borgoz the Skirmisher (level 10, -1/64 HPs)
             Began as a Gargoyle Gladiator on Apr 17, 2019.
             Was an Initiate of Ashenzari.
             Slain by a yak (12 damage)
             ... on level 9 of the Dungeon.
             The game lasted 00:15:17 (8134 turns).

Borgoz the Skirmisher (Gargoyle Gladiator)          Turns: 8134, Time: 00:15:17

Health: -1/64      AC: 13    Str: 18    XL:     10   Next: 33%
Magic:  11/11      EV: 15    Int:  9    God:    Ashenzari [......]
Gold:   471        SH:  0    Dex: 14    Spells: 8/9 levels left

rFire    . . .     SeeInvis .   e - +1 dagger (venom)
rCold    . . .     Gourm    +   (no shield)
rNeg     + . .     Faith    .   H - +0 troll leather armour
rPois    ∞         Spirit   .   c - +0 helmet
rElec    +         Reflect  .   (no cloak)
rCorr    .         Harm     .   (no gloves)
MR       .....                  (no boots)
Stlth    +++.......             A - amulet of the gourmand
HPRegen  0.60/turn              (no ring)
MPRegen  0.12/turn              (no ring)

@: no status effects
A: negative energy resistance 1, electricity resistance, unbreathing,
petrification resistance, rot immunity, AC +7
a: Curse Item, Renounce Religion


You were on level 9 of the Dungeon.
You worshipped Ashenzari.
Ashenzari was noncommittal.
You were very full.

You visited 2 branches of the dungeon, and saw 10 of its levels.

You collected 471 gold pieces.

Inventory:

Hand Weapons
 a - a +0 rapier
 b - a +0 vampiric short sword
 e - a +1 dagger of venom (weapon)
 F - a +0 dagger of speed
Missiles
 d - a throwing net (quivered)
Armour
 c - a +0 helmet (worn)
 y - a +1 leather armour of positive energy
 H - a +0 troll leather armour (worn)
Jewellery
 A - an amulet of the gourmand (around neck)
Wands
 r - a wand of digging (8)
 s - a wand of flame (15)
 E - a wand of paralysis (8)
 I - a wand of clouds (6)
Scrolls
 g - 4 scrolls of teleportation {unknown}
 h - a scroll of fear {unknown}
 i - 2 scrolls of magic mapping {unknown}
 k - a scroll of fog {unknown}
 l - 6 scrolls of identify
 m - 3 scrolls of enchant armour {unknown}
 n - a scroll of enchant weapon {unknown}
 o - 3 scrolls of amnesia {unknown}
 p - 4 scrolls of immolation {unknown}
 v - 4 scrolls of remove curse
 w - 2 scrolls of vulnerability {unknown}
 B - a scroll of blinking {unknown}
 C - a scroll of noise {unknown}
 D - a scroll of acquirement {unknown}
Potions
 j - 2 potions of curing
 q - a potion of resistance
 t - a potion of mutation
 u - a potion of might
 z - a potion of lignification
Comestibles
 f - 19 rations
 G - 4 chunks of flesh


   Skills:
 + Level 7.9 Fighting
 + Level 7.0 Short Blades
 - Level 1.7 Throwing
 + Level 7.4 Armour
 + Level 6.3 Dodging
 - Level 5.0 Stealth
 + Level 1.7 Evocations


You had 8 spell levels left.
You knew the following spells:

 Your Spells              Type           Power        Failure   Level  Hunger
a - Confusing Touch       Hex            #.....       43%         1    ##.....

Your spell library contained the following spells:

 Spells                   Type           Power        Failure   Level  Hunger
 Animate Skeleton         Necr           N/A          43%         1    ##.....
 Apportation              Tloc           #.....       43%         1    ##.....
 Freeze                   Ice            #...         43%         1    ##.....
 Summon Small Mammal      Summ           #...         43%         1    ##.....
 Throw Frost              Conj/Ice       #.....       56%         2    ###....
 Ozocubu's Armour         Chrm/Ice       #.......     80%         3    ####...
 Summon Ice Beast         Ice/Summ       #.......     99%         4    #####..
 Throw Icicle             Conj/Ice       #.......     99%         4    #####..


Dungeon Overview and Level Annotations

Branches:
Dungeon (9/15)             Temple (1/1) D:5            Lair (0/6) D:9
    Orc: D:9-12

Altars:
Ashenzari
Cheibriados
Dithmenos
Elyvilon
Fedhas
Gozag
Hepliaklqana
Kikubaaqudgha
Makhleb
Nemelex Xobeh
Okawaru
Qazlal
Ru
Sif Muna
Trog
Uskayaw
Vehumet
Wu Jian
Xom
Yredelemnul
Zin
The Shining One
Lugonu

Shops:
D:7 =   D:8 :(*[

Annotations:
D:8 exclusion: ice statue


Innate Abilities, Weirdness & Mutations

You are resistant to torment.
Your stone body is resilient. (AC +7)
You are immune to poison.
You resist negative energy. (rN+)
You are resistant to electric shocks. (rElec)
You can survive without breathing.
You are immune to petrification.
You are immune to rotting.


Message History

The bullfrog zombie completely misses you.
The yak completely misses you.
You hit the centaur warrior.
The centaur warrior is severely wounded.
The centaur warrior barely misses you.
The bullfrog zombie hits you but does no damage.
You hit the centaur warrior but do no damage.
The centaur warrior is severely wounded.
The centaur warrior closely misses you. The yak gores you.
The bullfrog zombie closely misses you.
You barely miss the centaur warrior.
The centaur warrior is severely wounded.
The centaur warrior hits you but does no damage.
The bullfrog zombie misses you. The yak gores you!
* * * LOW HITPOINT WARNING * * *
Okay, then.
The centaur warrior hits you.
* * * LOW HITPOINT WARNING * * *
The yak gores you!
You die...

#...........+...# #..#
#...........#...# #..#
#.>...##....#...###..#
#.....##....#......÷.#
#.....##....#........#
#...........#..####..#
#...........+..# #..#
#...........#..# #..#
#......YY@..#..# #..#
#......YZ...#..####..#
#.....((c..(#........#
#.....##(...#........#
#...$. #....#........#
#..... #....#........#
#..... ######..#####.#
#..... #..# #.# #...).
#..# #.#


You could see a centaur warrior, 3 yaks and a bullfrog zombie.

Vanquished Creatures
  Pikel (D:8)
  Maurice (D:8)
  A queen bee (D:8)
  A troll (D:9)
  Sigmund (D:6)
  Duvessa (D:5)
  A phantom (D:6)
  A sky beast (D:5)
  4 slaves (D:8)
  A necrophage (D:6)
  An ice beast (D:7)
  4 ogres
  2 centaurs (D:7)
  2 bullfrogs
  Dowan (D:5)
  A water moccasin zombie (D:5)
  A wyvern skeleton (D:6)
  A scorpion (D:8)
  12 killer bees (D:8)
  An electric eel (D:8)
  3 howler monkeys
  3 crimson imps
  2 bullfrog zombies
  A jelly (D:6)
  A centaur skeleton (D:7)
  3 orc priests
  3 bullfrog skeletons (D:6)
  3 iguanas
  7 orc wizards
  3 worker ants
  A killer bee zombie (D:6)
  A hound zombie (D:6)
  2 worker ant zombies
  A howler monkey zombie (D:6)
  8 adders
  2 oozes
  2 adder zombies
  2 adder skeletons
  A worm (D:2)
  A dart slug (D:1)
  3 leopard geckos
  17 orcs
  A ball python (D:4)
  6 giant cockroaches
  7 goblins
  3 hobgoblins
  3 jackals (D:2)
  3 quokkas
  4 bats
  3 frilled lizards
  A giant cockroach zombie (D:6)
  A jackal zombie (D:6)
  12 kobolds
  3 leopard gecko zombies
  2 quokka zombies
  3 rats (D:2)
161 creatures vanquished.

Notes
Turn   | Place    | Note
-------+----------+-------------------------------------------
     0 | D:1      | Borgoz the Gargoyle Gladiator began the quest for the Orb.
     0 | D:1      | Reached XP level 1. HP: 12/12 MP: 1/1
   105 | D:1      | Reached XP level 2. HP: 18/18 MP: 2/2
   267 | D:1      | Reached skill level 1 in Stealth
   282 | D:1      | Reached skill level 1 in Armour
   305 | D:1      | Reached XP level 3. HP: 15/22 MP: 3/3
   454 | D:2      | Found a glowing golden altar of the Shining One.
   485 | D:2      | Found a basalt altar of Yredelemnul.
   611 | D:2      | Reached XP level 4. HP: 26/27 MP: 4/4
  1048 | D:2      | Reached XP level 5. HP: 20/32 MP: 5/5
  2055 | D:4      | Noticed an ogre
  2065 | D:4      | Killed an ogre
  2065 | D:4      | Reached XP level 6. HP: 18/37 MP: 6/6
  2467 | D:4      | You fall through a shaft for 3 floors!
  3002 | D:6      | Reached XP level 7. HP: 36/43 MP: 7/7
  3431 | D:6      | Noticed Sigmund
  3449 | D:6      | Killed Sigmund
  3535 | D:6      | Reached XP level 8. HP: 17/48 MP: 8/8
  4006 | D:5      | Entered Level 5 of the Dungeon
  4011 | D:5      | Found a staircase to the Ecumenical Temple.
  4021 | Temple   | Entered the Ecumenical Temple
  4239 | D:5      | Noticed Dowan
  4240 | D:5      | Noticed Duvessa
  4259 | D:5      | Killed Duvessa
  4259 | D:5      | Reached skill level 5 in Fighting
  4264 | D:5      | Killed Dowan
  4303 | D:5      | Reached skill level 5 in Stealth
  4503 | D:5      | Reached skill level 5 in Short Blades
  4559 | D:5      | Found a burning altar of Makhleb.
  4585 | D:4      | Found a hazy altar of Hepliaklqana.
  4586 | D:4      | Found a deep blue altar of Sif Muna.
  4594 | D:4      | Found a sparkling altar of Nemelex Xobeh.
  4596 | D:4      | Found a shadowy altar of Dithmenos.
  4596 | D:4      | Found a white marble altar of Elyvilon.
  4596 | D:4      | Found an ancient bone altar of Kikubaaqudgha.
  4596 | D:4      | Found a shattered altar of Ashenzari.
  4636 | D:4      | Found a hide-covered altar of Uskayaw.
  4662 | D:4      | Became a worshipper of Ashenzari the Shackled
  5114 | D:5      | Found a stormy altar of Qazlal.
  5287 | D:6      | Reached skill level 5 in Armour
  5588 | D:6      | Found an opulent altar of Gozag.
  5589 | D:6      | Found a glowing silver altar of Zin.
  5701 | D:7      | Found Lopookk's Jewellery Shoppe.
  5859 | D:7      | Reached XP level 9. HP: 18/55 MP: 9/9
  6136 | D:6      | Reached skill level 5 in Dodging
  6993 | D:8      | Found Fimeutuwn's Armour Shop.
  7050 | D:8      | Found Gepsith's Antique Weapon Emporium.
  7203 | D:8      | Noticed a queen bee
  7217 | D:8      | Killed a queen bee
  7246 | D:8      | Reached XP level 10. HP: 35/63 MP: 10/10
  7305 | D:8      | Found Jodiox's Book Emporium.
  7385 | D:8      | Learned a level 1 spell: Confusing Touch
  7418 | D:8      | Noticed Pikel
  7423 | D:8      | Noticed Maurice
  7434 | D:8      | Paralysed by Maurice for 3 turns
  7443 | D:8      | Paralysed by Maurice for 2 turns
  7460 | D:8      | Paralysed by Maurice for 7 turns
  7465 | D:8      | Killed Pikel
  7465 | D:8      | Reached skill level 1 in Evocations
  7475 | D:8      | Paralysed by something for 6 turns
  7488 | D:8      | Killed Maurice
  7701 | D:8      | Noticed an ice statue
  7989 | D:8      | Found Yckaseg's General Store.
  8080 | D:9      | Found a staircase to the Lair.
  8101 | D:9      | Noticed a centaur warrior
  8134 | D:9      | Slain by a yak

Levels and vault maps discovered:
D:1:      ncdulo_smallfort, layout_basic, feat_on_display
D:2:      minmay_alternating_diamond, layout_basic,
          nicolae_overflow_hidden_temple, lemuel_crystal_altar
D:3:      layout_rooms
D:4:      layout_cave_pods, lemuel_coloured_pillars_altar,
          grunt_temple_overflow_open, first_ration
D:5:      layout_basic, lightli_temple_of_fire,
          nicolae_qazlal_general_emergency, minmay_temple_entry_purple_smoke,
          uniq_duvessa
D:6:      layout_cave_pods, grunt_temple_overflow_gold_and_silver,
          serial_undead, serial_undead_b, serial_undead_f, serial_undead_c,
          serial_undead_f, uniq_sigmund
D:7:      layout_cave_pools, serial_shops, shop_fountains
D:8:      minmay_statue_hallways, layout_basic, serial_shops, shop,
          nicolae_shop_waterfront, shop, nicolae_shop_waterfront,
          david_nohive_1, kennysheep_crisscross, uniq_pikel, uniq_maurice
D:9:      layout_stronghold, lair_entry_dummy, gammafunk_ghost_icy, uniq_grum
Temple:   corrupted_temple

Skill      XL: |  1  2  3  4  5  6  7  8  9 10 |
---------------+-------------------------------+-----
Stealth        | 1 2 3 4 5 |  5.0
Armour         | 1 2 3 4 5 6 7 |  7.4
Short Blades   | 3 4 5 6 7 |  7.0
Fighting       | 3 4 5 7 |  7.9
Dodging        | 3 4 5 6 |  6.3
Evocations     | 1 |  1.7
Throwing       | |  1.7

Action                   |  1- 3 |  4- 6 |  7- 9 | 10-12 || total
-------------------------+-------+-------+-------+-------++-------
Melee: Dagger            |    82 |   272 |   647 |   119 ||  1120
       Rapier            |     5 |       |       |       ||     5
Throw: Throwing net      |       |     2 |     2 |       ||     4
  Use: Potion            |       |     5 |     3 |     3 ||    11
       Scroll            |       |       |     5 |       ||     5
 Stab: Sleeping          |     1 |     2 |     1 |     1 ||     5
       Held in net/web   |       |     2 |     1 |       ||     3
       Distracted        |       |       |     1 |       ||     1
  Eat: Chunk             |       |     5 |    19 |     2 ||    26
       Ration            |       |     1 |     1 |       ||     2
Armor: Leather armour    |    19 |   116 |   200 |    44 ||   379
       Troll leather arm |       |       |       |    13 ||    13
Dodge: Dodged            |    49 |   243 |   350 |    67 ||   709

Table legend:
 A = Non-vault XP
 B = Vault XP
 C = Vault XP percentage of total XP
 D = Non-vault monster count
 E = Vault monster count
 F = Vault count percentage of total count
                 A         B        C        D         E       F
            +---------+---------+-------+---------+---------+-------
      Total |    3266 |    2923 |  47.2 |     122 |      35 |  22.3
            +---------+---------+-------+---------+---------+-------
        D:1 |      43 |       0 |   0.0 |      19 |       0 |   0.0
        D:2 |      83 |      41 |  33.1 |      18 |       5 |  21.7
        D:3 |      57 |       0 |   0.0 |      20 |       0 |   0.0
        D:4 |     128 |       0 |   0.0 |       5 |       0 |   0.0
        D:5 |     430 |     228 |  34.7 |       8 |       2 |  20.0
        D:6 |    1064 |     453 |  29.9 |      26 |      13 |  33.3
        D:7 |     845 |       0 |   0.0 |      15 |       0 |   0.0
        D:8 |     334 |    2201 |  86.8 |      10 |      15 |  60.0
        D:9 |     282 |       0 |   0.0 |       1 |       0 |   0.0
            +---------+---------+-------+---------+---------+-------
